Wimbat, neutral male human Ranger ----- |[.@| #[)[>Z################# ###-.-.-# ---------|----- ---------------- # ##### |.............| ---.----- |..............+####%######## |`..<.........| #........| |..............| # # # |.............| ###|..(....| |...%...........## # # ##..............| # |.......| |..............| -|-.- # |.............-#### |.......| -------|-------- |<...###### --------------- |.......| # |...| --------- |...| |...| |...| ----- Wimbat the Trailblazer Experience level: 8 Strength: 17 Dexterity: 12 Constitution: 16 Intelligence: 13 Wisdom: 14 Charisma: 7 Health: 0(57) Energy: 37(37) Def: 9 Gold: 2372 Moves: 5610 Dungeon seed: dM8ia-r_xpXKhFM7 Game ID: Wimbat_1442974337 Your Inventory: Coins $ - 2372 gold pieces Weapons a - a +1 dagger (weapon in hand) b - a +1 bow (alternate weapon; not wielded) c - 32 +2 arrows (in quiver) d - 24 +0 arrows i - 8 +0 ya k - 3 +0 darts A - 5 blessed +1 shuriken O - 5 blessed +2 crossbow bolts P - 10 +0 arrows Armor e - an uncursed very rotted +2 cloak of displacement (being worn) z - a blessed +1 chain mail (being worn) N - an uncursed +0 elven leather helm (being worn) Comestibles f - 3 uncursed cram rations D - 2 uncursed tins of hobgoblin meat K - 2 uncursed food rations R - an uncursed candy bar S - an uncursed tin of red mold Scrolls m - an uncursed scroll of fire s - an uncursed scroll of gold detection v - an uncursed scroll of remove curse x - 2 uncursed scrolls of light B - an uncursed scroll of enchant weapon J - a blessed scroll of earth M - a cursed scroll of earth U - 2 uncursed scrolls of blank paper Potions j - an uncursed potion of paralysis w - 2 uncursed potions of water V - an uncursed potion of gain energy Z - an uncursed potion of speed Rings Q - an uncursed ring of slow digestion Wands F - a wand of fire (0:5) Tools C - an uncursed blindfold E - 13 uncursed tallow candles (0:200) I - an uncursed leash L - an uncursed mirror W - an uncursed sack Gems g - an uncursed worthless piece of blue glass h - an uncursed worthless piece of red glass q - an uncursed worthless piece of orange glass r - an uncursed worthless piece of yellow glass y - 2 uncursed worthless pieces of green glass Y - 2 uncursed worthless pieces of yellowish brown glass Spells and supernatural/magical abilities: Name Level Category Fail Memory W - pray for help -- divine ? -- Your skills at the end: Fighting Skills Weapon Skills dagger [Expert] bow [Skilled] Spellcasting Skills Final Attributes: You were piously aligned. You had automatic searching. You were displaced. You were stealthy. You are dead. Vanquished creatures: a freezing sphere a giant beetle a quivering blob a cockatrice 34 leprechauns an iron piercer a forest centaur 2 brown puddings a gold golem 2 Green-elves a chickatrice a dingo a gnome mummy 2 quasits a wood nymph a water nymph a rock piercer a rock mole a fog cloud a shrieker a violet fungus a gnome lord 2 ghouls a paper golem 2 giant ants a little dog 4 floating eyes a kobold shaman a rothe an orc zombie 4 iguanas 2 coyotes 3 manes a large kobold 2 hobgoblins 8 giant rats a gnome a gnome zombie 4 geckos 2 jackals 2 foxes a kobold 7 goblins 3 sewer rats 6 grid bugs 4 lichens a kobold zombie 6 newts 129 creatures vanquished. Voluntary challenges: You were vegetarian. You had followed a strict vegan diet until turn 3754. You used a wielded weapon 241 times, starting on turn 3. You read items or engraved 9 times, starting on turn 1945. You never genocided any monsters. You never polymorphed an object. You never changed form. You used no wishes. You split 1 pudding, starting on turn 4635. You wrote Elbereth's name 4 times, starting on turn 2341. You never violated your personal moral code. Dungeon overview: The Dungeons of Doom: levels 1 to 11 Level 1 a fountain a long staircase Level 2 a fountain Level 3 a fountain Level 4 some fountains a long staircase Level 5 an altar to Mars, a fountain, a sink Level 6 Level 7 some fountains Level 8 a sink Level 9 some fountains Level 10 <- You were here stairs to Sokoban Level 11 Sokoban: levels 8 to 9 Level 8 Level 9 stairs to The Dungeons of Doom History has recorded: On T:1 you entered the Dungeons of Doom to retrieve the Amulet of Yendor! On T:192 you reached level 2 of The Dungeons of Doom. On T:196 you advanced to experience level 2. On T:411 you reached level 3 of The Dungeons of Doom. On T:509 you advanced to experience level 3. On T:880 you reached level 4 of The Dungeons of Doom. On T:1214 you reached level 5 of The Dungeons of Doom. On T:1364 you advanced to experience level 4. On T:1514 you reached level 6 of The Dungeons of Doom. On T:1828 you advanced to experience level 5. On T:1914 you advanced to experience level 6. On T:1965 you advanced to experience level 7. On T:2294 you reached level 7 of The Dungeons of Doom. On T:2643 you advanced to experience level 8. On T:2900 you reached level 8 of The Dungeons of Doom. On T:3221 you reached level 9 of The Dungeons of Doom. On T:4141 you reached level 4 of Sokoban. On T:4795 you reached level 3 of Sokoban. On T:4935 you reached level 11 of The Dungeons of Doom. Score breakdown: Gold: 2372 (11481 points) Experience: 8 levels (14739 points) Exploration: 11 levels ( 22.00%) (13552 points) Discoveries: 7 items ( 2.34%) ( 4590 points) Valuables value: (no points given unless you survive) Artifact value: 0 ( 0 points) Variety of kills: 48 monsters ( 12.60%) (10648 points) Turncount: 5610 turns (-1524 points) Survival: died (score multiplied by 80%) Total score: 42788 Latest messages: m - an uncursed scroll labeled YUM YUM. w - an uncursed clear potion. p - an uncursed cloudy potion. j - an uncursed milky potion. o - a cursed milky potion. y - 2 uncursed green gems. q - an uncursed orange gem. r - an uncursed yellow gem. A yellow gem lands on the altar. 2 green gems land on the altar. The giant zombie hits! (2x) You die... The sack is empty. The sack is empty. Final status: Goodbye Wimbat the Ranger, killed by a giant zombie... You died in The Dungeons of Doom on dungeon level 10 with 42788 points, and 2372 pieces of gold, after 5610 moves. You were level 8 with a maximum of 57 hit points when you died.